 Dungeon Crawl Stone Soup version 0.29.0-10-g45618ea6d2 (webtiles) character file.

Game seed: 12384148149289396031

247 VictoriousLee the Trooper (level 6, -5/39 HPs)
             Began as a Gargoyle Fighter on Sept 1, 2022.
             Slain by an ogre
             ... wielding a +0 giant spiked club
              (24 damage)
             ... on level 4 of the Dungeon.
             The game lasted 00:06:22 (2645 turns).

VictoriousLee the Trooper (Gargoyle Fighter)        Turns: 2645, Time: 00:06:22

Health: -5/39      AC: 11    Str: 22    XL:     6   Next: 11%
Magic:  6/6        EV:  9    Int:  8    God:
Gold:   215        SH:  4    Dex:  9    Spells: 5/5 levels left

rFire   . . .      SeeInvis .   a - +0 flail
rCold   . . .      Faith    .   c - +0 buckler
rNeg    + . .      Spirit   .   b - +0 scale mail
rPois   ∞          Reflect  .   (no helmet)
rElec   +          Harm     .   (no cloak)
rCorr   .          Rampage  .   (no gloves)
Will    .....                   (no boots)
Stlth   ..........              (no amulet)
HPRegen 0.13/turn               (no ring)
MPRegen 0.10/turn               (no ring)

@: no status effects
A: sickness immunity, AC +4, negative energy resistance 1, electricity
resistance, torment resistance 1, petrification resistance
a: no special abilities


You were on level 4 of the Dungeon.
You visited 1 branch of the dungeon, and saw 4 of its levels.

You collected 215 gold pieces.

Inventory:

Hand Weapons
 a - a +0 flail (weapon)
Missiles
 e - 39 stones (quivered)
 m - 10 poisoned darts
Armour
 b - a +0 scale mail (worn)
 c - a +0 buckler (worn)
 g - a +0 plate armour
 l - a +0 ring mail
 n - an orb of energy
Jewellery
 s - the ring "Daysuqeu" {rF+ rCorr Str+7 Slay-6 SInv}
   (You found it on level 3 of the Dungeon)

   [ring of see invisible]

   Str:       It affects your strength (+7).
   Slay:      It affects your accuracy & damage with ranged weapons and melee
   (-6).
   rF:        It protects you from fire.
   SInv:      It lets you see invisible.
   rCorr:     It protects you from acid and corrosion.
Scrolls
 h - 4 scrolls of summoning {unknown}
 j - 3 scrolls of identify {unknown}
 k - 2 scrolls of noise {unknown}
 p - 2 scrolls of teleportation {unknown}
 q - a scroll of enchant armour {unknown}
 r - a scroll of enchant weapon {unknown}
 u - a scroll of immolation {unknown}
Potions
 d - 2 potions of might
 f - 2 potions of berserk rage
 i - 2 potions of magic {unknown}
 o - a potion of brilliance {unknown}
 t - a potion of heal wounds {unknown}
 v - a potion of lignification {unknown}


   Skills:
 + Level 4.6 Fighting
 + Level 3.4 Maces & Flails
 + Level 4.5 Armour
 + Level 4.5 Shields


You had 5 spell levels left.
You didn't know any spells.
Your spell library contained the following spells:

 Spells                   Type           Power      Damage    Failure   Level
 Beastly Appendage        Tmut           0%         N/A       82%         1
 Slow                     Hex            0%         N/A       82%         1
 Summon Small Mammal      Summ           0%         N/A       82%         1
 Wereblood                Tmut           0%         N/A       91%         2
 Call Canine Familiar     Summ           0%         N/A       99%         3
 Confusing Touch          Hex            0%         N/A       99%         3
 Spider Form              Tmut/Pois      0%         N/A       99%         3
 Summon Guardian Golem    Hex/Summ       0%         N/A       99%         3
 Vampiric Draining        Necr           0%         2d6       99%         3


Dungeon Overview and Level Annotations

Branches:
Dungeon (4/15)
 Temple: D:4-7

Altars:


Innate Abilities, Weirdness & Mutations

You are immune to sickness and miasma.
Your stone body is resilient. (AC +4)
You are immune to poison.
You resist negative energy. (rN+)
You are resistant to electric shocks. (rElec)
You are resistant to unholy torment.
You are immune to petrification.


Message History

The orc priest is severely wounded.
The orc priest hits you but does no damage.
You closely miss the orc priest.
The orc priest is severely wounded.
The orc priest looks satisfied for a moment.
You sock the orc priest!
You kill the orc priest!
You block the goblin's attack.
You have reached level 6!
The goblin attacks as you move away! You block the goblin's attack.
You see here an iguana corpse.
There is a stone staircase leading up here.
The goblin hits you with a +0 club.
You climb upwards.
There is a stone staircase leading down here.
You closely miss the goblin. The goblin hits you but does no damage.
You hit the goblin.
You kill the goblin!
You now have 215 gold pieces (gained 10).
Things that are here:
a +0 club; a goblin corpse You start resting.
HP restored.
There is a stone staircase leading down here.
You see here a +0 club.
There is a stone staircase leading down here.
You climb downwards.
There is a stone staircase leading up here.
An ogre comes into view. It is wielding a +0 giant spiked club.
You hit the ogre but do no damage.
The ogre hits you with a +0 giant spiked club!!
Ouch! That really hurt!
You hit the ogre.
The ogre is lightly wounded.
You block the ogre's attack.
You sock the ogre!
The ogre is severely wounded.
The ogre hits you with a +0 giant spiked club!!
Ouch! That really hurt!
You die...

... ... .. .. .# .#
################.#
#<............@O.#
################..#
#$.# #.# ..# ..# .#
..


You could see an ogre.

Vanquished Creatures
  A necrophage (D:3)
  An orc priest (D:4)
  2 iguanas (D:4)
  6 adders
  6 bats
  4 endoplasms
  3 giant cockroaches
  10 goblins
  7 hobgoblins
  4 jackals (D:3)
  4 ball pythons
  2 frilled lizards
  A kobold (D:1)
  3 rats
54 creatures vanquished.

Notes
Turn   | Place    | Note
-------+----------+-------------------------------------------
     0 | D:1      | VictoriousLee the Gargoyle Fighter began the quest for the
                  | Orb.
     0 | D:1      | Reached XP level 1. HP: 14/14 MP: 1/1
   151 | D:1      | Reached XP level 2. HP: 19/19 MP: 2/2
   653 | D:2      | Reached XP level 3. HP: 21/24 MP: 3/3
  1033 | D:2      | Reached XP level 4. HP: 29/29 MP: 4/4
  1723 | D:3      | Identified the ring "Daysuqeu" {rF+ rCorr Str+7 Slay-6
                  | SInv}
  2244 | D:4      | Noticed a necrophage
  2253 | D:3      | Killed a necrophage
  2254 | D:3      | Reached XP level 5. HP: 27/34 MP: 5/5
  2525 | D:4      | Reached XP level 6. HP: 28/39 MP: 6/6
  2645 | D:4      | Slain by an ogre

Illustrated notes

Levels and vault maps discovered:
D:1:      dpeg_arrival_pond, layout_rooms
D:2:      layout_loops_corners
D:3:      layout_loops_ring, minmay_goblin_kobold_house
D:4:      layout_basic, fedhas_altar_4, chequers_serial_rivers_room_a

Skill      XL: |  1  2  3  4 |
---------------+-------------+-----
Fighting       | 4 |  4.6
Armour         | 4 |  4.5
Shields        | 4 |  4.5
Maces & Flails | 3 |  3.4

Action                   |  1- 3 |  4- 6 || total
-------------------------+-------+-------++-------
Melee: Flail             |    88 |   125 ||   213
 Stab: Distracted        |       |     1 ||     1
Armor: Scale mail        |    50 |    64 ||   114
Dodge: Dodged            |    38 |    73 ||   111
Block: Buckler           |    21 |    36 ||    57
